AoeStats
← MarXthedruid

Arabian Desert

510524039Analyzed
1v1 RM · 11h ago on Oct 1, 2026· 51m 2s· 2 players
Game mode
Random Map
Map size
Tiny (2 player)
Population
200
Speed
Normal
Resources
Standard
Victory
Conquest
Starting age
Dark Age
Ending age
Imperial Age
RankedLock teamsTeams togetherTeam positionsShared explorationLock speedFull tech treeHidden civsTurbo modeCheats
Victory
Defeat
🇳🇱 Danes · Netherlands
1070
+17
🇬🇧 Armenians · United Kingdom
1099
-17
RM123
7:13 Loom
9:32 Feudal Age
10:07 Double-Bit Axe
13:07 Fletching
13:43 Horse Collar
17:54 Wheelbarrow
22:42 Castle Age
20:43 Stone Mining
22:46 Elite Skirmisher
23:32 Thumb Ring
23:25 Bodkin Arrow
24:27 Bow Saw
25:05 Scale Mail Armor
25:16 Forging
36:27 Ballistics
38:19 Hand Cart
40:23 Chain Mail Armor
40:43 Iron Casting
40:06 Arson
40:22 Squires
40:07 Gambesons
44:55 Imperial Age
42:43 Town Watch
46:43 Blast Furnace
49:53 Conscription
49:47 Bracer
49:48 Padded Archer Armor
49:46 Cranequins
50:52 Northmen's Fury
MarXthedruid
7:28 Loom
9:37 Feudal Age
9:45 Man-at-Arms
13:16 Double-Bit Axe
14:14 Arson
15:23 Horse Collar
16:15 Long Swordsman
19:00 Scale Mail Armor
21:01 Forging
20:44 Fletching
25:37 Castle Age
26:03 Two-Handed Swordsman
26:44 Squires
26:30 Gambesons
33:19 Heavy Plow
34:07 Wheelbarrow
34:49 Chain Mail Armor
40:31 Champion
43:24 Town Watch
Connection lost

Rejoining the realm…

Still unreachable

The connection could not be restored.

Session expired

The server has moved on; the page needs a fresh start.